Map: Honorgrounds LE

Players

GuMiho - Winner!

  • Race: Terran Terran
  • Spawn Location: 7:00

Arctur

  • Race: Terran Terran
  • Spawn Location: 5:00

Event: IEM XI Katowice - World Championship 2017

VOD

Have the link to the VOD?

Description

Time

  • Played on: Feb. 28, 2017, 5:02 a.m.
  • Length: 8:45

All games in this series

Show
View Real Time Build Order
Export as new Build Order

GuMiho Terran - Winner!

Build Orders: 1/1/1, Cyclone Opening 

Get SALT Encoding   

  12  0:00  SCV  
  13  0:12  SCV  
  14  0:18  Supply Depot  
  14  0:25  SCV  
  15  0:29  Refinery  
  15  0:39  SCV  
  16  0:46  Barracks  
  16  0:51  SCV  
  16  0:56  Refinery  
  17  1:03  SCV  
  18  1:15  SCV  
  19  1:32  Orbital Command  
  19  1:33  Reaper  
  20  1:42  Factory  
  20  1:47  Supply Depot  
  20  1:58  SCV  
  21  2:05  Reaper  
  22  2:10  SCV  
  23  2:23  SCV  
  23  2:26  Cyclone  
  23  2:28  Starport  
  27  2:35  SCV  
  28  2:37  Supply Depot  
  28  2:39  Barracks Tech Lab  
  28  2:47  SCV  
  29  2:59  SCV  
  30  3:09  Barracks Reactor  
  30  3:10  Cloaking Field, Banshee  
  30  3:11  SCV  
  34  3:23  SCV  
  35  3:30  Command Center  
  35  3:35  SCV  
  35  3:38  Supply Depot  
  36  3:46  Marine x2  
  37  3:48  Factory Tech Lab  
  37  3:49  SCV  
  38  3:59  Banshee  
  40  4:04  Marine x2, SCV  
  40  4:09  Supply Depot  
  43  4:14  Siege Tank  
  46  4:17  SCV  
  47  4:30  Marine x2  
  49  4:41  SCV, Orbital Command  
  49  4:43  Raven  
  52  4:48  Marine x2  
  54  4:53  SCV  
  55  5:02  Siege Tank, Refinery  
  55  5:05  Marine x2, SCV  
  58  5:08  SCV, Refinery  
  58  5:11  Supply Depot  
  59  5:17  SCV  
  59  5:20  SCV  
  63  5:29  SCV  
  63  5:32  SCV  
  63  5:35  Siege Tank  
  68  5:40  Barracks  
  68  5:41  SCV  
  67  5:43  Barracks  
  67  5:44  SCV  
  67  5:45  Stimpack  
  65  5:52  Viking  
  65  5:53  SCV  
  65  5:57  Viking, SCV  
  71  6:01  Supply Depot  
  71  6:05  SCV  
  71  6:07  Engineering Bay  
  71  6:09  SCV  
  73  6:12  Siege Tank  
  73  6:16  Marine  
  77  6:27  Viking x2  
  77  6:30  SCV x2  
  83  6:34  Marine  
  83  6:35  Terran Infantry Weapons Level 1  
  85  6:42  Barracks Reactor x2  
  85  6:43  SCV x2  
  85  6:49  Barracks  
  85  6:50  Barracks  
  85  6:53  Marine  
  86  6:57  Supply Depot  
  86  6:59  Supply Depot  
  86  7:18  Marine  
  86  7:19  Marine x4, Command Center  
  86  7:21  SCV  
  92  7:24  Supply Depot  
  92  7:26  Medivac x2  
  92  7:27  Supply Depot  
  92  7:28  SCV  
  97  7:36  Marine  
  99  7:42  Marine  
  99  7:43  Marine x2  
  96  7:48  SCV  
  96  7:49  SCV  
  96  7:51  Marine, Barracks Reactor x2  
  96  7:53  Siege Tank  
  96  7:54  Marine  
  101  8:00  Marine x2  
  101  8:04  Marine  
  101  8:05  Medivac  
  106  8:07  Medivac  
  106  8:09  Marine, SCV  
  106  8:12  Marine  
  111  8:18  Marine x2  
  113  8:21  Supply Depot  
  113  8:22  Marine  
  113  8:26  Supply Depot  
  114  8:27  Marine  
Show
View Real Time Build Order
Export as new Build Order

Arctur Terran 

Build Orders: Cyclone Opening, Reaper Expand 

Get SALT Encoding   

  12  0:00  SCV  
  13  0:12  SCV  
  14  0:17  Supply Depot  
  14  0:24  SCV  
  15  0:28  Refinery  
  15  0:39  SCV  
  16  0:45  Barracks  
  16  0:51  SCV  
  17  1:03  SCV  
  18  1:15  SCV  
  19  1:33  Reaper, Orbital Command  
  20  1:46  Command Center  
  20  1:55  Factory  
  20  1:58  SCV  
  21  2:04  Refinery  
  21  2:08  Barracks Reactor  
  21  2:14  Supply Depot  
  21  2:17  SCV  
  22  2:29  SCV  
  23  2:38  Cyclone  
  23  2:41  SCV  
  23  2:44  Marine x2  
  29  2:53  SCV  
  30  3:03  Marine x2  
  30  3:05  SCV, Starport  
  33  3:14  Cyclone  
  36  3:20  Supply Depot  
  36  3:21  Marine x2  
  38  3:27  Orbital Command  
  38  3:39  SCV  
  39  3:48  Marine x2, Medivac  
  39  3:49  Factory Tech Lab  
  39  3:51  SCV  
  42  3:57  SCV  
  42  4:03  SCV  
  42  4:05  Supply Depot  
  42  4:07  Marine x2  
  42  4:09  SCV  
  46  4:11  Siege Tank  
  46  4:15  SCV  
  50  4:24  Viking  
  50  4:27  SCV  
  50  4:28  SCV  
  50  4:29  Marine x2  
  51  4:39  SCV  
  51  4:40  SCV  
  52  5:00  SCV x2  
  52  5:06  Starport Reactor  
  52  5:15  Barracks Tech Lab  
  52  5:18  SCV x2  
  54  5:25  Siege Tank  
  54  5:27  Barracks  
  55  5:29  Barracks  
  55  5:32  SCV x2  
  53  5:44  Marine, Stimpack  
  53  5:46  Medivac  
  53  5:47  SCV x2  
  53  5:49  Medivac  
  60  5:50  Refinery x2  
  60  5:59  SCV  
  60  6:00  SCV  
  62  6:08  Supply Depot x2  
  62  6:11  Marine  
  62  6:12  SCV x2  
  62  6:14  Marine x2, Siege Tank  
  70  6:30  Marine, SCV x2, Medivac  
  70  6:32  Marine  
  75  6:38  Medivac  
  70  6:42  SCV x2  
  70  6:43  Marine  
  74  6:47  Siege Tank  
  74  6:50  Marine, Barracks Reactor  
  77  6:55  SCV x2  
  77  6:57  Marine  
  80  7:12  Command Center  
  81  7:15  SCV x2  
  81  7:19  Marine x3, Siege Tank  
  86  7:25  Bunker  
  85  7:34  Marine x2  
  85  7:36  Marine x2  
  85  7:37  Marine  
  67  7:45  Medivac x2  
  61  7:51  Siege Tank  
  61  7:52  Marine x2  
  61  7:54  Marine x2  
  61  7:55  Marine  
  65  8:09  Marine  
  65  8:10  Marine  
  65  8:12  Marine x3  
  69  8:20  Barracks x2  
  69  8:26  SCV x2  

Tags
 
Add a new tag
Caveats
  • Supply blocks, unpowered buildings, or Contaminate may cause inaccurate times.
  • Supply counts are checked every 10 seconds.